 Dungeon Crawl Stone Soup version 0.15-a0-1909-gd9acbb9 (webtiles) character file.

34118 Kenran the Bludgeoner (level 13, 0/88 HPs)
             Began as a Gargoyle Fighter on July 6, 2014.
             Was the Champion of Makhleb.
             Slain by an ogre mage
             ... wielding a +0 halberd
              (6 damage)
             ... on Level 4 of the Orcish Mines.
             The game lasted 00:55:33 (19306 turns).

Kenran the Bludgeoner (Gargoyle Fighter)           Turns: 19306, Time: 00:55:33

HP   0/88        AC 27     Str 22      XL: 13   Next: 75%
MP   0/13        EV 13     Int 10      God: Makhleb [******]
Gold 1274        SH  0     Dex 22      Spells:  0 memorised, 12 levels left

rFire  . . .     SeeInvis +     z - +2 dire flail (crush)
rCold  + . .     Clarity  .     T - +2 chain mail of Sif Muna's Castigation {Dex+4 Int+2}
rNeg   + . .     rCorr    .     (no shield)
rPois  +         rRot     +     t - +0 helmet
rElec  +         Spirit   +     (no cloak)
SustAb .         Warding  .     K - +2 pair of gloves
rMut   .         Stasis   .     (no boots)
Gourm  .                        S - amulet of guardian spirit
MR     .....                    M - ring of see invisible
                                x - ring of protection from cold

@: confused, agile, not resistant to hostile enchantments, extremely unstealthy
A: negative energy resistance 1, electricity resistance, unbreathing,
petrification resistance, rot immunity, AC +9
a: Minor Destruction, Lesser Servant of Makhleb, Major Destruction, Greater
Servant of Makhleb, Renounce Religion


You were on level 4 of the Orcish Mines.
You worshipped Makhleb.
Makhleb was exalted by your worship.
You were hungry.

You visited 3 branches of the dungeon, and saw 20 of its levels.
You also visited: Ossuary.

You collected 1910 gold pieces.
You spent 636 gold pieces at shops.

Inventory:

Hand weapons
 b - a +0 great mace
 q - a +2 flail of protection
 z - a +2 dire flail of crushing (weapon)
Armour
 t - a +0 helmet (worn)
 K - a +2 pair of gloves (worn)
 T - the +2 chain mail of Sif Muna's Castigation (worn) {Dex+4 Int+2}
   (You found it on level 10 of the Dungeon)

   It affects your intelligence (+2).
   It affects your dexterity (+4).
Magical devices
 o - a wand of disintegration (8) {unknown}
 A - a wand of digging (5) {unknown}
 N - a wand of magic darts (13) {unknown}
 O - a wand of random effects (14) {unknown}
 P - a wand of flame (8) {unknown}
 Q - a wand of lightning (6) {unknown}
 R - a wand of disintegration (15) {unknown}
Comestibles
 c - 5 meat rations
 d - 8 bread rations
Scrolls
 f - 4 scrolls of magic mapping
 i - 10 scrolls of identify
 k - 3 scrolls of fear
 p - 4 scrolls of enchant armour
 r - 5 scrolls of remove curse
 s - 3 scrolls of teleportation
 u - 2 scrolls of enchant weapon
 v - a scroll of recharging
 y - 2 scrolls of amnesia
 G - a scroll of blinking
Jewellery
 x - a ring of protection from cold (left hand)
 B - an uncursed amulet of rage
 M - a ring of see invisible (right hand)
 S - an amulet of guardian spirit (around neck)
Potions
 a - 2 potions of resistance {unknown}
 e - a potion of might
 g - 2 potions of poison {unknown}
 h - a potion of haste {unknown}
 l - 4 potions of agility
 m - 4 potions of invisibility
 n - a potion of experience {unknown}
 w - 2 potions of restore abilities {unknown}
 D - a potion of lignification {unknown}
 F - a potion of porridge
 H - 3 potions of confusion {unknown}
 J - 2 potions of flight {unknown}


   Skills:
 - Level 13.0 Fighting
 * Level 17.0 Maces & Flails
 + Level 10.3 Armour
   Level 3.2 Shields


You had 12 spell levels left.
You didn't know any spells.

Dungeon Overview and Level Annotations

Branches:
Dungeon (10/15)            Temple (0/1) D:5             Orc (4/4) D:10
    Elf (0/3) Orc:3          Lair (6/8) D:9           Swamp (0/5) Lair:5
 Shoals: Lair:3-6     Snake: Lair:3-6    Spider: Lair:3-6     Slime: Lair:6-8

Altars:
Cheibriados
Elyvilon
Fedhas
Kikubaaqudgha
Makhleb
Sif Muna
Xom
Yredelemnul
Beogh

Shops:
D:4 (*??*   D:8 [   D:9 }   Orc:4 [![[?(!

Annotations:
Lair:4 exclusion: oklob plant


Innate Abilities, Weirdness & Mutations

You are resistant to torment.
You are immune to poison.
Your stone body is very resilient (AC +9).
You resist negative energy.
You are resistant to electric shocks.
You can survive without breathing.
You are immune to petrification.
You are immune to rotting.


Message History

* * * LOW HITPOINT WARNING * * *
Drink which item? (? for menu, Esc to quit)
Okay, then.
You're too confused!
Drink which item? (? for menu, Esc to quit)
You feel agile all of a sudden.
It was a potion of agility.
The ogre mage points at you and mumbles some strange words.
The bolt of cold hits you!
The ogre mage points at you and mumbles some strange words.
You resist with significant effort.
Unknown command.
The ogre mage closely misses you. x2
The ogre mage hits you but does no damage.
The ogre mage gestures at you while chanting.
You resist with significant effort.
Things that are here:
a club; a robe The ogre mage hits you with a halberd!
You die...

.............≈≈≈............
.........)...≈≈≈≈≈........#..
.....P..)<.##≈≈∩....#........
........))..#≈≈≈≈≈.#.........
....#.##).)###≈≈≈###......#..
.. # ##.).#.######....####.
##))...# #....## #. ##O.)..#
##..## ##
######.)O@.######### #.
$.................. ##
................. #
.########..###### .....
...... ....... ..∩∩... .∩∩..


You could see 2 ogre magi.

Vanquished Creatures
  Donald (Orc:2)
  Snorg (Lair:5)
  2 ogre magi
  Nessos (Orc:4)
  Erica (Orc:3)
  2 hydras
  Nergalle (D:10)
  An unseen horror (D:10)
  A hill giant (D:10)
  2 orc knights (Orc:3)
  Joseph (D:9)
  A necromancer (Lair:2)
  A griffon (Lair:3)
  A cyclops (Orc:3)
  2 black mambas
  7 spiny frogs
  5 komodo dragons
  13 blink frogs
  9 two-headed ogres
  Prince Ribbit (D:6)
  3 trolls
  A giant leech (Lair:5)
  6 yaks
  A human (D:9)
  2 wraiths (D:9)
  5 hippogriffs
  A hungry ghost (D:9)
  2 wargs (Orc:1)
  A hog (D:9)
  5 wolves (Lair:6)
  Edmund (D:9)
  12 orc warriors
  5 water moccasins
  An ice beast (D:5)
  5 porcupines
  A swamp worm (Lair:5)
  A yellow wasp (D:8)
  2 black bears
  2 sky beasts
  A necrophage (D:8)
  A phantom (D:6)
  4 centaurs
  2 boring beetles
  13 crocodiles
  2 elf zombies (D:9)
  23 ogres
  A brain worm (D:10)
  13 giant frogs
  13 scorpions
  A wyvern skeleton (D:10)
  A hippogriff zombie (D:5)
  2 troll skeletons (D:9)
  2 vampire bats (Orc:3)
  5 electric eels
  3 crimson imps
  A goliath beetle (D:7)
  14 orc priests
  2 centaur zombies (Ossuary)
  A giant frog zombie (D:8)
  2 jellies (D:6)
  4 human zombies
  10 iguanas
  A giant frog skeleton (D:6)
  12 hounds
  3 human skeletons (D:9)
  A black bear skeleton (D:5)
  A gnoll shaman (D:5)
  14 orc wizards
  4 polar bear simulacra (Lair:2)
  A wolf simulacrum (Lair:2)
  7 worker ants
  4 yak simulacra (Lair:2)
  2 orange rats (Lair:3)
  16 sheep
  3 big kobold zombies (Ossuary)
  Jessica (D:2)
  A hound skeleton (D:7)
  3 mummies (Ossuary)
  12 adders
  8 gnolls
  2 scorpion zombies (Ossuary)
  44 green rats
  3 shadow imps
  3 worms
  4 gnoll zombies
  An adder skeleton (D:4)
  An adder zombie (D:6)
  An orc skeleton (D:4)
  2 giant geckos (D:6)
  An ooze (D:1)
  89 orcs
  A bat zombie (D:7)
  5 giant cockroaches
  19 hobgoblins
  8 jackals
  12 kobolds
  9 quokkas
  2 ball pythons
  18 bats
  5 giant newts
  16 goblins
  3 goblin zombies (Ossuary)
  2 green rat simulacra (Lair:2)
  A hobgoblin skeleton (D:4)
  3 hobgoblin zombies (Ossuary)
  A kobold skeleton (D:8)
  2 kobold zombies
  4 orc zombies
  18 rats
  2 fungi (D:9)
  A plant (D:9)
609 creatures vanquished.

Vanquished Creatures (collateral kills)
  A giant leech (Lair:5)
  A giant frog (Lair:6)
  A quokka (Lair:6)
3 creatures vanquished.

Vanquished Creatures (others)
  A smoke demon (Orc:3)
  2 fungi
  A plant (Lair:5)
4 creatures vanquished.

Grand Total: 616 creatures vanquished

Notes
Turn   | Place    | Note
--------------------------------------------------------------
     0 | D:1      | Kenran, the Gargoyle Fighter, began the quest for the Orb.
     0 | D:1      | Reached XP level 1. HP: 14/14 MP: 1/1
   164 | D:1      | Reached XP level 2. HP: 12/19 MP: 2/2
   605 | D:1      | Reached XP level 3. HP: 19/23 MP: 3/3
  1158 | D:2      | Reached skill level 4 in Maces & Flails
  1247 | D:2      | Reached XP level 4. HP: 25/28 MP: 4/4
  1297 | D:2      | Noticed Jessica
  1313 | D:2      | Killed Jessica
  1701 | D:3      | Found a blossoming altar of Fedhas.
  1958 | D:3      | Found a shimmering altar of Xom.
  1958 | D:3      | Found a burning altar of Makhleb.
  1987 | D:3      | Reached skill level 5 in Maces & Flails
  1987 | D:3      | Reached XP level 5. HP: 32/32 MP: 3/5
  1992 | D:3      | Became a worshipper of Makhleb the Destroyer
  2562 | D:3      | HP: 1/32 [orc (1)]
  3045 | D:4      | Noticed a centaur
  3055 | D:4      | Killed a centaur
  3055 | D:4      | Reached skill level 6 in Maces & Flails
  3055 | D:4      | Reached XP level 6. HP: 26/37 MP: 6/6
  3144 | D:4      | Found Zuexot's Magic Scroll Boutique.
  3180 | D:4      | Found Cihet's General Store.
  3192 | D:4      | Found Klosunn's Antique Weapon Emporium.
  3358 | D:4      | Found Mnaq Watudu's Magic Scroll Shoppe.
  3453 | D:4      | Reached skill level 7 in Maces & Flails
  3571 | D:4      | Reached XP level 7. HP: 39/41 MP: 7/7
  3642 | D:4      | Acquired Makhleb's first power
  3886 | D:4      | Found Minguit's Assorted Antiques.
  3896 | D:4      | Bought a scroll labeled TEHUNN NOCIU for 23 gold pieces
  4014 | D:5      | Entered Level 5 of the Dungeon
  4126 | D:5      | Reached skill level 8 in Maces & Flails
  4269 | D:5      | Reached skill level 9 in Maces & Flails
  4269 | D:5      | Reached XP level 8. HP: 46/46 MP: 8/8
  4328 | D:5      | Acquired Makhleb's second power
  4348 | D:5      | Found a staircase to the Ecumenical Temple.
  5195 | D:6      | Reached skill level 10 in Maces & Flails
  5220 | D:6      | Found a burning altar of Makhleb.
  5350 | D:6      | Noticed Prince Ribbit
  5376 | D:6      | Killed Prince Ribbit
  5656 | D:6      | Reached skill level 11 in Maces & Flails
  5765 | D:6      | Reached XP level 9. HP: 51/51 MP: 9/9
  6096 | D:6      | Acquired Makhleb's third power
  7008 | D:8      | Found a sand-covered staircase.
  7013 | Ossuary  | Entered an ossuary
  7107 | Ossuary  | Acquired Makhleb's fourth power
  7117 | Ossuary  | Reached skill level 12 in Maces & Flails
  7156 | Ossuary  | Reached skill level 5 in Fighting
  7832 | D:8      | Found Mualuaf's Armour Emporium.
  7836 | D:8      | Bought a +2 pair of gloves for 214 gold pieces
  7868 | D:8      | Reached XP level 10. HP: 61/63 MP: 10/10
  8114 | D:9      | Noticed Edmund
  8123 | D:9      | Acquired Makhleb's fifth power
  8137 | D:9      | Killed Edmund
  8202 | D:9      | Found a white marble altar of Elyvilon.
  8202 | D:9      | Found a deep blue altar of Sif Muna.
  8250 | D:9      | Noticed Joseph
  8293 | D:9      | Killed Joseph
  8453 | D:9      | Found Otiagho's Gadget Shop.
  8538 | D:9      | Reached skill level 10 in Fighting
  8595 | D:9      | Found an ancient bone altar of Kikubaaqudgha.
  8640 | D:9      | Found a staircase to the Lair.
  8718 | D:9      | Found a basalt altar of Yredelemnul.
  8945 | Lair:1   | Entered Level 1 of the Lair of Beasts
  9342 | Lair:1   | Reached XP level 11. HP: 74/76 MP: 11/11
 10568 | Lair:1   | Reached skill level 13 in Fighting
 11439 | Lair:2   | Reached skill level 5 in Armour
 11538 | Lair:2   | Noticed a necromancer
 11575 | Lair:2   | Killed a necromancer
 12258 | Lair:3   | Reached XP level 12. HP: 84/84 MP: 12/12
 12402 | Lair:3   | Noticed a four-headed hydra
 12418 | Lair:3   | Killed a four-headed hydra
 12418 | Lair:3   | Reached skill level 14 in Maces & Flails
 13854 | Lair:4   | Found a snail-covered altar of Cheibriados.
 14077 | Lair:5   | Noticed Snorg
 14090 | Lair:5   | Killed Snorg
 14119 | Lair:5   | Found a staircase to the Swamp.
 14661 | Lair:6   | Reached skill level 15 in Maces & Flails
 14809 | Lair:6   | Noticed a seven-headed hydra
 14824 | Lair:6   | Killed a seven-headed hydra
 14964 | Lair:6   | Noticed an anaconda
 15746 | D:10     | Entered Level 10 of the Dungeon
 15798 | D:10     | Noticed Nergalle
 15861 | D:10     | Killed Nergalle
 15977 | D:10     | Got a black opal-encrusted chain mail
 15993 | D:10     | Identified the +2 chain mail of Sif Muna's Castigation {Dex+4 Int+2} (You found it on level 10 of the Dungeon)
 16000 | D:10     | Found a staircase to the Orcish Mines.
 16072 | D:10     | Reached XP level 13. HP: 86/88 MP: 13/13
 16088 | Orc:1    | Entered Level 1 of the Orcish Mines
 16692 | Orc:2    | Found a roughly hewn altar of Beogh.
 17033 | Orc:3    | Found a staircase to the Elven Halls.
 17071 | Orc:3    | Noticed Donald
 17410 | Orc:2    | Killed Donald
 17410 | Orc:2    | Reached skill level 16 in Maces & Flails
 17481 | Orc:3    | Noticed Erica
 17496 | Orc:3    | Killed Erica
 18389 | Orc:4    | Entered Level 4 of the Orcish Mines
 18389 | Orc:4    | Noticed Nessos
 18626 | Orc:4    | Killed Nessos
 18746 | Orc:4    | Found Thadoi's Antique Weapon Emporium.
 18807 | Orc:4    | Found Sheajyaf's Distillery.
 18855 | Orc:4    | Found Jefow's Antique Armour Boutique.
 18862 | Orc:4    | Bought an ancient chain mail for 399 gold pieces
 18880 | Orc:4    | Identified the +1 chain mail of Ahoemp {rN+} (You bought it in a shop on level 4 of the Orcish Mines)
 18964 | Orc:3    | Reached skill level 10 in Armour
 18987 | Orc:4    | Paralysed by an ogre mage for 3 turns
 19258 | Orc:4    | Found Shrea's Distillery.
 19258 | Orc:4    | Found Keph's Antique Armour Boutique.
 19259 | Orc:4    | Found Ghoezor's Antique Armour Boutique.
 19259 | Orc:4    | Found Dismy's Magic Scroll Emporium.
 19292 | Orc:4    | Reached skill level 17 in Maces & Flails
 19306 | Orc:4    | Slain by an ogre mage

Action                   |  1- 3 |  4- 6 |  7- 9 | 10-12 | 13-15 || total
-------------------------+-------+-------+-------+-------+-------++-------
Melee: Flail             |   169 |    30 |   529 |  1289 |   569 ||  2586
       Club              |       |   266 |       |       |       ||   266
       Whip              |       |    67 |     7 |       |       ||    74
       Dire flail        |       |       |       |       |    82 ||    82
Invok: Lesser Servant of |       |       |       |     1 |     1 ||     2
       Minor Destruction |       |       |       |     1 |       ||     1
  Use: Scroll            |       |    10 |     4 |     5 |     2 ||    21
       Potion            |       |     2 |       |     9 |     7 ||    18
 Stab: Invisible         |       |     1 |       |       |       ||     1
  Eat: Chunk             |     1 |     1 |       |     5 |     1 ||     8
       Pizza             |       |     1 |     2 |     4 |     4 ||    11
       Meat ration       |       |     1 |     1 |       |       ||     2
       Bread ration      |       |     1 |       |       |     1 ||     2
       Fruit             |       |       |     4 |    11 |       ||    15
       Royal jelly       |       |       |       |     1 |       ||     1
       Beef jerky        |       |       |       |     4 |       ||     4
